 Dungeon Crawl Stone Soup version 0.24.0-37-gcf1ca852f1 (webtiles) character file.

Game seed: 17423355244502870770, levelgen mode: deterministic

70 grindst0ne the Digger (level 3, -10/29 HPs)
             Began as a Demigod Earth Elementalist on Dec 6, 2019.
             Killed by divine providence
             ... invoked by an orc priest
              (14 damage)
             ... on level 3 of the Dungeon.
             The game lasted 00:03:23 (1711 turns).

grindst0ne the Digger (Demigod Earth Elementalist)  Turns: 1711, Time: 00:03:24

Health: -10/29     AC:  3    Str: 11    XL:     3   Next: 76%
Magic:  2/9        EV: 12    Int: 21    God:
Gold:   90         SH:  0    Dex: 16    Spells: 3/7 levels left

rFire    . . .     SeeInvis .   l - staff of death
rCold    . . .     Gourm    .   (no shield)
rNeg     + . .     Faith    .   c - +0 robe
rPois    .         Spirit   .   (no helmet)
rElec    .         Reflect  .   (no cloak)
rCorr    .         Harm     .   o - +0 pair of gloves
MR       .....                  (no boots)
Stlth    ++........             h - amulet of rage
HPRegen  0.09/turn              (no ring)
MPRegen  0.11/turn              (no ring)

@: no status effects
A: high mp 1
a: Evoke Berserk Rage


You were on level 3 of the Dungeon.
You were hungry.

You visited 1 branch of the dungeon, and saw 3 of its levels.

You collected 90 gold pieces.

Inventory:

Hand Weapons
 e - a +0 dagger
Missiles
 b - 51 stones (quivered)
Armour
 c - a +0 robe (worn)
 o - a +0 pair of gloves (worn)
Magical Staves
 l - an uncursed staff of death (weapon)
Jewellery
 g - an uncursed ring of ice
 h - an amulet of rage (around neck)
Scrolls
 f - 2 scrolls of identify {unknown}
 i - a scroll of amnesia {unknown}
 j - a scroll of teleportation {unknown}
 n - a scroll of random uselessness {unknown}
Potions
 k - a potion of heal wounds {unknown}
 m - a potion of degeneration {unknown}
 p - a potion of invisibility {unknown}
 q - a potion of mutation {unknown}
 r - a potion of curing {unknown}
Comestibles
 a - 4 chunks of flesh
 d - 4 rations


   Skills:
 + Level 1.6 Fighting
 - Level 1.7 Dodging
 - Level 1.7 Stealth
 + Level 2.5 Spellcasting
   Level 0.8 Transmutations
 + Level 3.3 Earth Magic


You had 3 spell levels left.
You knew the following spells:

 Your Spells              Type           Power        Failure   Level  Hunger
a - Sandblast             Erth           ###...       3%          1    None
b - Stone Arrow           Conj/Erth      #.....       21%         3    ###....

Your spell library contained the following spells:

 Spells                   Type           Power        Failure   Level  Hunger
 Passwall                 Tmut/Erth      ##......     9%          2    ##.....
 Petrify                  Tmut/Erth      ##......     50%         4    ####...
 Lee's Rapid Deconstruct  Erth           ###.......   67%         5    ######.


Dungeon Overview and Level Annotations

Branches:
Dungeon (3/15)


Innate Abilities, Weirdness & Mutations

You have an increased reservoir of magic. (+10% MP)


Message History

You barely miss the orc.
The orc is heavily wounded.
The orc completely misses you.
You barely miss the orc.
The orc is heavily wounded.
An orc priest comes into view. It is wielding a -3 hand axe.
The orc barely misses you.
You barely miss the orc.
The orc is heavily wounded.
The orc hits you with a +0 flail.
You hit the orc but do no damage.
The orc is heavily wounded.
The orc hits you with a +0 flail! The orc hits you with a +0 flail.
The orc priest invokes the aid of Beogh against you.
Beogh smites you!
* * * LOW HITPOINT WARNING * * *
The orc priest calls down the wrath of Beogh upon you.
Beogh smites you!
You die...

.## #.#
#.####.##.##.####.# .
#.# #....#.##.........#
. #.#
####.#.##.##.###..# #.#
#.#o##.#...##..# #.#
###.#.##......#..#
#.....##.........#
#.#####..o..###.....#.##
#...........# ##...##.#
#######..@..#####.###.#
#...........# #.#
###.#.#########.## #.#.#
###<..### #.#.#
#...#.... #.#.#
#.#...### #.#.# ##.##.##
#...#####...#.#
######..#.........#


You could see an orc priest and an orc.

Vanquished Creatures
  An adder (D:2)
  2 worms
  2 dart slugs
  An orc (D:3)
  2 giant cockroaches (D:2)
  10 goblins
  7 hobgoblins
  A quokka (D:2)
  7 bats
  3 frilled lizards
  7 kobolds
  8 rats
51 creatures vanquished.

Notes
Turn   | Place    | Note
-------+----------+-------------------------------------------
     0 | D:1      | grindst0ne the Demigod Earth Elementalist began the quest
                  | for the Orb.
     0 | D:1      | Reached XP level 1. HP: 14/14 MP: 5/5
   267 | D:1      | Reached XP level 2. HP: 22/22 MP: 1/7
   658 | D:2      | Found a sacrificial altar of Ru.
   692 | D:2      | Reached skill level 3 in Earth Magic
   776 | D:2      | Reached skill level 1 in Fighting
   927 | D:2      | Reached XP level 3. HP: 28/28 MP: 1/9
  1387 | D:2      | Learned a level 3 spell: Stone Arrow
  1711 | D:3      | Killed from afar by an orc priest

Levels and vault maps discovered:
D:1:      giann_wishing_wells, layout_loops_ring
D:2:      layout_loops_ring, nicolae_overflow_hidden_temple, minmay_unequal
D:3:      layout_loops_ring

Skill      XL: |  1  2 |
---------------+-------+-----
Spellcasting   | 2 |  2.5
Earth Magic    | 3 |  3.3
Fighting       | 1 |  1.6
Dodging        | |  1.7
Stealth        | |  1.7
Transmutations | |  0.8

Action                   || total
-------------------------++-------
Melee: Staff             ||     7
 Cast: Sandblast         ||    83
  Eat: Chunk             ||     2
Armor: Robe              ||    11
Dodge: Dodged            ||    17
